 Dungeon Crawl Stone Soup version 0.29.1-12-g30fa7ad0bf (webtiles) character file.

Game seed: 13453852837865428914

25 mopl the Vexing (level 2, 0/13 (15) HPs)
             Began as a Deep Elf Enchanter on Jan 17, 2023.
             Slain by an orc wizard
             ... wielding a +0 dagger
              (3 damage)
             ... on level 2 of the Dungeon.
             The game lasted 00:02:32 (1431 turns).

mopl the Vexing (Deep Elf Enchanter)                Turns: 1431, Time: 00:02:32

HP:   0/13 (15)     AC:  3    Str: 11    XL:     2   Next: 86%
MP:   1/8           EV: 12    Int: 19    God:
Gold: 111           SH:  0    Dex: 15    Spells: 5/7 levels left

rFire   . . .      SeeInvis .   a - +1 dagger
rCold   . . .      Faith    .   (no shield)
rNeg    . . .      Spirit   .   b - +0 robe
rPois   .          Reflect  .   (no helmet)
rElec   .          Harm     .   j - scarf {+Inv}
rCorr   .          Rampage  .   m - +0 pair of gloves
Will    .....                   (no boots)
Stlth   +++.......              (no amulet)
HPRegen 0.04/turn               l - +6 ring of strength
MPRegen 0.11/turn               (no ring)

@: very slightly contaminated, heavily drained, invisible
A: no striking features
a: Evoke Invisibility


You were on level 2 of the Dungeon.
You visited 1 branch of the dungeon, and saw 3 of its levels.

You collected 111 gold pieces.

Inventory:

Hand Weapons
 a - a +1 dagger (weapon)
Armour
 b - a +0 robe (worn)
 j - a scarf of invisibility (worn)
 m - a +0 pair of gloves (worn)
Jewellery
 l - a +6 ring of strength (left hand)
Scrolls
 d - a scroll of enchant armour {unknown}
 e - a scroll of immolation {unknown}
 f - 2 scrolls of identify
Potions
 c - 3 potions of invisibility
 g - 2 potions of haste
 h - a potion of curing
 i - a potion of heal wounds


   Skills:
 + Level 1.6 Short Blades
 - Level 2.4 Dodging
 + Level 4.0 Stealth
 + Level 3.4 Spellcasting
 + Level 4.3 Hexes
 + Level 0.2 Ice Magic
 + Level 0.3 Evocations


You had 5 spell levels left.
You knew the following spells:

 Your Spells              Type           Power      Damage    Failure   Level
b - Ensorcelled Hibernat  Hex/Ice        22%        N/A       9%          2

Your spell library contained the following spells:

 Spells                   Type           Power      Damage    Failure   Level
 Confusing Touch          Hex            19%        N/A       8%          3
 Tukima's Dance           Hex            19%        N/A       8%          3
 Dazzling Flash           Conj/Hex       22%        N/A       19%         3
 Chain Lightning          Conj/Air       1%         3d2       100%        9
 Fire Storm               Conj/Fire      1%         8d1       100%        9
 Shatter                  Erth           1%         3d6*      100%        9


Dungeon Overview and Level Annotations

Branches:
Dungeon (3/15)

Altars:


Message History

There is a stone staircase leading up here.
The bat hits you but does no damage. The bat completely misses you.
You climb upwards.
There is a stone staircase leading down here.
You climb downwards.
The bat completely misses you. The orc hits you but does no damage.
The bat hits you but does no damage. The orc barely misses you.
There is a stone staircase leading up here.
The orc closely misses you. The orc wizard misses you.
The bat completely misses you.
You climb upwards.
There is a stone staircase leading down here.
The orc wizard looks drowsy...
The orc misses you.
The helpless orc wizard fails to defend itself.
You puncture the orc wizard!
The orc wizard is almost dead.
The orc barely misses you.
The orc wizard hits you with a +0 dagger.
The orc wizard is unaffected.
The orc barely misses you.
The orc wizard casts a spell.
The orc wizard flickers and vanishes!
Deactivating autopickup; reactivate with Ctrl-A.
You barely miss the orc. The orc barely misses you. Something hits you.
The orc looks drowsy...
Something hits you but does no damage.
The helpless orc fails to defend itself.
You impale the orc!!
You kill the orc!
Something hits you but does no damage.
You miss something.
You hear some strange, mumbled words.
A puff of flame appears from out of thin air!
The puff of flame hits you.
* * * LOW HITPOINT WARNING * * *
You barely miss something. Something barely misses you.
Okay, then.
You feel drained.
You fade into invisibility!
You are very lightly contaminated with residual magic.
Something hits you.
You die...

##### ....# ..#.# #.#.#
#.#.############
...............#########
...........##....).....#
#...####.......{@....#.#
#...# ###.##..)####.#.#
#...######.##...####.#.#
#.........>.......##.#.###
##.###.###.###....##.#...##
#.# #.# #.# ##...........##
#.###.###.# #..........#.##
#.........#
#..........##.##
#####.###.#
#......<....##.#


There were no monsters in sight!

Vanquished Creatures
  2 orcs (D:2)
  3 endoplasms
  2 goblins
  3 hobgoblins
  2 quokkas
  A ball python (D:2)
  3 bats
  3 frilled lizards
  2 kobolds
  2 rats (D:3)
23 creatures vanquished.

Notes
Turn   | Place    | Note
-------+----------+-------------------------------------------
     0 | D:1      | mopl the Deep Elf Enchanter began the quest for the Orb.
     0 | D:1      | Reached XP level 1. HP: 10/10 MP: 6/6
   621 | D:2      | Reached XP level 2. HP: 15/15 MP: 8/8
   624 | D:2      | Learned a level 2 spell: Ensorcelled Hibernation
  1207 | D:3      | Reached skill level 4 in Stealth
  1431 | D:2      | Slain by an orc wizard

Illustrated notes

Levels and vault maps discovered:
D:1:      ncdulo_smallfort, layout_rooms
D:2:      layout_loops_ring, dreamdust_princess_bridge, guppyfry_early_lair_pool
D:3:      layout_loops_corners

Skill      XL: |  1  2 |
---------------+-------+-----
Stealth        | 4 |  4.0
Short Blades   | |  1.6
Dodging        | |  2.4
Spellcasting   | |  3.4
Hexes          | |  4.3
Ice Magic      | |  0.2
Evocations     | |  0.3

Action                   || total
-------------------------++-------
Melee: Dagger            ||    53
       Punch             ||     1
 Cast: Ensorcelled Hiber ||    11
 Abil: Evoke Invisibilit ||     1
  Use: Scroll            ||     4
 Stab: Sleeping          ||    11
Armor: Robe              ||    20
Dodge: Dodged            ||    54
